 Dungeon Crawl Stone Soup version 0.30-a0-223-gcb0039aa0c (webtiles) character file.

Game seed: 4925211464763768797

0 tilp the Sneak (level 1, 0/14 HPs)
             Began as a Gargoyle Delver on Oct 9, 2022.
             Slain by an adder (2 damage)
             ... on level 4 of the Dungeon.
             The game lasted 00:01:47 (144 turns).

tilp the Sneak (Gargoyle Delver)                     Turns: 144, Time: 00:01:48

Health: 0/14       AC:  5    Str: 15    XL:     1   Next: 0%
Magic:  1/1        EV: 11    Int: 10    God:
Gold:   0          SH:  0    Dex: 11    Spells: 0/0 levels left

rFire   . . .      SeeInvis .    a - +0 mace
rCold   . . .      Faith    .    (no shield)
rNeg    + . .      Spirit   .    b - +0 leather armour
rPois   ∞          Reflect  .    (no helmet)
rElec   +          Harm     .    (no cloak)
rCorr   .          Rampage  .    (no gloves)
Will    .....                    (no boots)
Stlth   +++.......               (no amulet)
HPRegen 0.22/turn                (no ring)
MPRegen 0.07/turn                (no ring)

@: no status effects
A: sickness immunity, AC +2, negative energy resistance 1, electricity
resistance, torment resistance 1, petrification resistance
a: no special abilities


You were on level 4 of the Dungeon.
You visited 1 branch of the dungeon, and saw 3 of its levels.

Inventory:

Hand Weapons
 a - a +0 mace (weapon)
Armour
 b - a +0 leather armour (worn)
Potions
 f - a potion of haste


   Skills:
 + Level 3.2 Fighting
 * Level 2.0 Maces & Flails
 + Level 1.5 Dodging
 + Level 5.4 Stealth


You couldn't memorise any spells.
You didn't know any spells.
Your spell library was empty.

Dungeon Overview and Level Annotations

Branches:
Dungeon (6/15)
 Temple: D:4-7

Altars:
Dithmenos


Innate Abilities, Weirdness & Mutations

You are immune to sickness and miasma.
Your stone body is resilient. (AC +2)
You are immune to poison.
You resist negative energy. (rN+)
You are resistant to electric shocks. (rElec)
You are resistant to unholy torment.
You are immune to petrification.


Message History

The adder attacks as you move away! The adder barely misses you.
The adder bites you but does no damage.
Found a ring mail.
There is a stone staircase leading up here.
The adder barely misses you. The iguana closely misses you.
You climb upwards.
Found a potion of haste.
Found an escape hatch in the floor.
Found a stone staircase leading down.
There is a stone staircase leading down here.
Unknown command.
The adder bites you.
An orc comes into view. It is wielding a +0 flail.
An orc comes into view. It is wielding a +0 morningstar.
The iguana attacks as you move away! The iguana bites you.
The adder attacks as you move away! The adder bites you.
The orc shouts! x2; You hear a shout!
Something hits the plant!
The plant begins to die.
As you read the scroll labelled BOEQ QUVUBBOFE, it crumbles to dust.
The creatures around you are filled with an inner flame!
It was a scroll of immolation.
The adder bites you but does no damage. The iguana misses you.
The adder closely misses you.
Unknown command.
Something hits the plant.
The plant begins to die.
A quokka comes into view.
The iguana attacks as you move away! The iguana bites you!
Ouch! That really hurt!
* * * LOW HITPOINT WARNING * * *
You hear a splashing noise.
Unknown command.
As you read the scroll of fog, it crumbles to dust.
The scroll dissolves into smoke.
The iguana bites you but does no damage.
Unknown command. 2 orcs come into view.
A nearby plant withers and dies.
The iguana attacks as you move away! The iguana misses you.
The iguana attacks as you move away! The iguana barely misses you.
The iguana attacks as you move away! The iguana closely misses you.
The adder attacks as you move away! The adder bites you.
You die...

......##...~oo~≈~~~~
#........§§§P~~~~♣
.#.......##§#♣~~o~♣♣♣.
...>...>.##§##~~♣♣♣...
.........#§§§§#~♣♣....
.##......#.§§§........
###....##§§§§.......
#.....§§§Sl.......
..........@.......
.#......###..P....#
####>#.!.# #.P..P... #
###. .P~P~P~~. #.
~~~P♣♣~P. ~~♣♣♣♣ ~P P~
P ..P


You could see an iguana (inner flame), an adder (inner flame) and an orc.

Vanquished Creatures (others)
  2 plants (D:4)
2 creatures vanquished.

Notes
Turn   | Place    | Note
-------+----------+-------------------------------------------
     0 | D:5      | tilp the Gargoyle Delver began the quest for the Orb.
     0 | D:5      | Reached XP level 1. HP: 14/14 MP: 1/1
     1 | D:6      | Found a shadowy altar of Dithmenos.
     4 | D:6      | Noticed an orc wizard
    29 | D:5      | Noticed a hound
   113 | D:5      | Noticed an iguana
   144 | D:4      | Slain by an adder

Illustrated notes

Levels and vault maps discovered:
D:4:      layout_cave_pools, zin_statuary, serial_bayou, serial_bayou_lagoon_b,
          serial_bayou_pond_a, serial_bayou_pond_c, serial_bayou_crossing,
          serial_shops, nicolae_shop_waterfront, sigmund_army
D:5:      layout_cave_pods
D:6:      layout_gridville, fedhas_altar_4, nicolae_dithmenos_the_darkroom,
          minmay_temple_entry_grid, enter_ossuary_4, kennysheep_generic_room_16

Action                   || total
-------------------------++-------
Evoke: Wand              ||     3
  Use: Scroll            ||     5
Armor: Leather armour    ||     5
Dodge: Dodged            ||     9

Table legend: (Time is in decaauts)
 A = Elapsed time spent in this place.
 B = Non-inter-level travel time spent in this place.
 C = Inter-level travel time spent in this place.
 D = Time resting spent in this place.
 E = Time spent auto-exploring this place.
 F = Levels seen in this place.
 G = Mean time per level.
                   A        B        C        D        E       F      G
               +--------+--------+--------+--------+--------+-----+--------+
         Total |    144 |    136 |      8 |     30 |      0 |   3 |   48.0 |
       Dungeon |    144 |    136 |      8 |     30 |      0 |   3 |   48.0 |
               +--------+--------+--------+--------+--------+-----+--------+

Top non-repeatable levels by time:
     D:5: 127 daAuts
     D:4: 12 daAuts
     D:6: 3 daAuts
